 Dungeon Crawl Stone Soup version 0.26-a0-964-g69f9a3b9e2 (webtiles) character file.

Game seed: 6457928816719576471

68 lunkers the Stinger (level 4, 0/32 HPs)
             Began as a Gnoll Venom Mage on Dec 2, 2020.
             Killed by divine providence
             ... invoked by an orc priest
              (16 damage)
             ... on level 3 of the Dungeon.
             The game lasted 00:02:07 (3305 turns).

lunkers the Stinger (Gnoll Venom Mage)              Turns: 3305, Time: 00:02:08

Health: 0/32       AC:  4    Str: 11    XL:     4   Next: 19%
Magic:  7/11       EV: 15    Int: 18    God:
Gold:   189        SH:  0    Dex: 15    Spells: 10/13 levels left

rFire    . . .     SeeInvis .     - Unarmed
rCold    . . .     Faith    .   (no shield)
rNeg     . . .     Spirit   .   a - +0 robe
rPois    .         Reflect  .   m - +0 helmet
rElec    .         Harm     .   l - +0 cloak
rCorr    .         Rampage  .   (no gloves)
MR       .....                  (no boots)
Stlth    +++.......             (no amulet)
HPRegen  0.10/turn              (no ring)
MPRegen  0.12/turn              (no ring)

@: no status effects
A: distributed training, fangs 1, strong nose
a: no special abilities


You were on level 3 of the Dungeon.
You visited 1 branch of the dungeon, and saw 3 of its levels.

You collected 189 gold pieces.

Inventory:

Armour
 a - a +0 robe (worn)
 l - a +0 cloak (worn)
 m - a +0 helmet (worn)
Jewellery
 n - an uncursed ring of ice
Scrolls
 d - 4 scrolls of identify {unknown}
 f - a scroll of blinking {unknown}
 g - 4 scrolls of enchant armour {unknown}
 h - a scroll of teleportation {unknown}
 j - a scroll of amnesia {unknown}
 q - a scroll of fog {unknown}
Potions
 b - a potion of curing {unknown}
 c - a potion of flight {unknown}
 e - a potion of attraction {unknown}
 i - 2 potions of mutation {unknown}
 k - a potion of degeneration {unknown}
 o - a potion of haste {unknown}
 p - a potion of cancellation {unknown}


   Skills:
 + Level 1.0 Fighting
 + Level 1.0 Short Blades
 + Level 1.0 Long Blades
 + Level 1.0 Axes
 + Level 1.0 Maces & Flails
 + Level 1.0 Polearms
 + Level 1.0 Staves
 + Level 1.0 Slings
 + Level 1.0 Bows
 + Level 1.0 Crossbows
 + Level 1.0 Throwing
 + Level 1.0 Armour
 + Level 4.6 Dodging
 + Level 4.2 Stealth
 + Level 1.0 Shields
 + Level 1.0 Unarmed Combat
 + Level 5.0 Spellcasting
 + Level 0.8 Conjurations
 + Level 0.8 Hexes
 + Level 0.8 Summonings
 + Level 0.8 Necromancy
 + Level 0.8 Translocations
 + Level 2.2 Transmutations
 + Level 0.8 Fire Magic
 + Level 0.8 Ice Magic
 + Level 0.8 Air Magic
 + Level 0.8 Earth Magic
 + Level 5.4 Poison Magic
 + Level 1.1 Invocations
 + Level 1.0 Evocations


You had 10 spell levels left.
You knew the following spells:

 Your Spells              Type           Power        Failure   Level
a - Poisonous Vapours     Pois/Air       ###...       5%          2
b - Sting                 Tmut/Pois      ###.         2%          1

Your spell library contained the following spells:

 Spells                   Type           Power        Failure   Level
 Ignite Poison            Fire/Tmut/Pois ##......     12%         3
 Olgreb's Toxic Radiance  Pois           ###.....     14%         4
 Mephitic Cloud           Conj/Pois/Air  ##......     16%         3


Dungeon Overview and Level Annotations

Branches:
Dungeon (3/15)

Altars:


Innate Abilities, Weirdness & Mutations

Your experience applies equally to all skills.
You have very sharp teeth.
Your uncanny sense of smell can sniff out nearby items.


Message History

Confirm with . or Enter, or press ? or * to list all spells.
Poisonous vapours surround the orc priest!
The orc priest is poisoned.
The orc priest mumbles some strange prayers to Beogh against you.
You barely resist.
The orc priest invokes the aid of Beogh against you.
Beogh smites you!
Ouch! That really hurt!
* * * LOW HITPOINT WARNING * * *
Casting: Poisonous Vapours (safe; 5% risk of failure)
Confirm with . or Enter, or press ? or * to list all spells.
Aiming: Poisonous Vapours (safe; 5% risk of failure)
Press: ? - help, Dir - move target, f/p - orc priest
Aim: an orc priest, wielding a +1 hand axe of electrocution (poisoned) Poisonous vapours surround the orc priest!
The orc priest looks even sicker.
The orc priest mumbles some strange prayers to Beogh against you.
Beogh smites you!
Ouch! That really hurt!
You die...

###############
#.......ooo.oo.
#..###### #.@.....#
#.# ##.####.# #.#
#.# #.# #.# #.#
#.### #.# ##...#
###############.##.#
..............).##.#
................##.#


You could see an orc priest (very poisoned).

Vanquished Creatures
  An adder (D:3)
  2 worms (D:2)
  2 dart slugs
  A giant cockroach (D:2)
  7 goblins
  6 hobgoblins
  7 jackals
  11 kobolds
  A quokka (D:3)
  2 bats
  4 frilled lizards
  3 rats
47 creatures vanquished.

Notes
Turn   | Place    | Note
-------+----------+-------------------------------------------
     0 | D:1      | lunkers the Gnoll Venom Mage began the quest for the Orb.
     0 | D:1      | Reached XP level 1. HP: 13/13 MP: 6/6
   140 | D:1      | Reached XP level 2. HP: 18/19 MP: 0/7
   799 | D:1      | Reached XP level 3. HP: 25/25 MP: 0/9
  1127 | D:2      | Reached skill level 5 in Spellcasting
  1131 | D:2      | Learned a level 2 spell: Poisonous Vapours
  1376 | D:2      | Reached skill level 1 in Invocations
  1887 | D:2      | Reached skill level 1 in Fighting
  1887 | D:2      | Reached skill level 1 in Short Blades
  1887 | D:2      | Reached skill level 1 in Long Blades
  1887 | D:2      | Reached skill level 1 in Axes
  1887 | D:2      | Reached skill level 1 in Maces & Flails
  1887 | D:2      | Reached skill level 1 in Polearms
  1887 | D:2      | Reached skill level 1 in Staves
  1887 | D:2      | Reached skill level 1 in Slings
  1887 | D:2      | Reached skill level 1 in Bows
  1887 | D:2      | Reached skill level 1 in Crossbows
  1887 | D:2      | Reached skill level 1 in Throwing
  1887 | D:2      | Reached skill level 1 in Armour
  1887 | D:2      | Reached skill level 1 in Shields
  1887 | D:2      | Reached skill level 1 in Unarmed Combat
  1887 | D:2      | Reached skill level 1 in Evocations
  1960 | D:2      | Found a faded altar of an unknown god.
  2538 | D:3      | Reached XP level 4. HP: 32/32 MP: 6/11
  3305 | D:3      | Killed from afar by an orc priest

Illustrated notes

Levels and vault maps discovered:
D:1:      eino_arrival_water_cross, layout_basic
D:2:      layout_basic, chequers_ecumenical_altar_twisty,
          corexii_hall_statues_l, minmay_misc_feat_columns,
          kennysheep_generic_room_8
D:3:      layout_loops_ring, gammafunk_temple_overflow_statue,
          serial_co_window_serial, co_window_corner_a, co_window_paths_a,
          co_window_of_opportunity_a, co_window_paths_b, co_window_paths_a,
          co_window_of_opportunity_a, co_window_broadway_c, co_window_2corner,
          co_window_cross_4, co_window_2corner, glass_columns_b, uniq_jessica

Skill      XL: |  1  2  3 |
---------------+----------+-----
Transmutations | 2 |  2.2
Spellcasting   | 5 |  5.0
Invocations    | 1 |  1.1
Fighting       | 1 |  1.0
Short Blades   | 1 |  1.0
Long Blades    | 1 |  1.0
Axes           | 1 |  1.0
Maces & Flails | 1 |  1.0
Polearms       | 1 |  1.0
Staves         | 1 |  1.0
Slings         | 1 |  1.0
Bows           | 1 |  1.0
Crossbows      | 1 |  1.0
Throwing       | 1 |  1.0
Armour         | 1 |  1.0
Shields        | 1 |  1.0
Unarmed Combat | 1 |  1.0
Evocations     | 1 |  1.0
Dodging        | |  4.6
Stealth        | |  4.2
Conjurations   | |  0.8
Hexes          | |  0.8
Summonings     | |  0.8
Necromancy     | |  0.8
Translocations | |  0.8
Fire Magic     | |  0.8
Ice Magic      | |  0.8
Air Magic      | |  0.8
Earth Magic    | |  0.8
Poison Magic   | |  5.4

Action                   |  1- 3 |  4- 6 || total
-------------------------+-------+-------++-------
Melee: Unarmed           |     4 |       ||     4
 Cast: Sting             |    44 |       ||    44
       Poisonous Vapours |    36 |    13 ||    49
Dodge: Dodged            |    16 |     1 ||    17

Table legend: (Time is in decaauts)
 A = Elapsed time spent in this place.
 B = Non-inter-level travel time spent in this place.
 C = Inter-level travel time spent in this place.
 D = Time resting spent in this place.
 E = Time spent auto-exploring this place.
 F = Levels seen in this place.
 G = Mean time per level.
                   A        B        C        D        E       F      G
               +--------+--------+--------+--------+--------+-----+--------+
         Total |   3303 |   3241 |     62 |      0 |   2942 |   3 | 1101.0 |
       Dungeon |   3303 |   3241 |     62 |      0 |   2942 |   3 | 1101.0 |
               +--------+--------+--------+--------+--------+-----+--------+

Top non-repeatable levels by time:
     D:2: 1385 daAuts
     D:1: 1054 daAuts
     D:3: 863 daAuts
